 Dungeon Crawl Stone Soup version 0.20-a0-800-g4a616ed (webtiles) character file.

109 M4edhros the Sneak (level 4, -2/42 HPs)
             Began as an Octopode Artificer on Mar 2, 2017.
             Killed from afar by Sigmund (9 damage)
             ... with a puff of flame
             ... on level 4 of the Dungeon.
             The game lasted 00:01:11 (1349 turns).

M4edhros the Sneak (Octopode Artificer)             Turns: 1349, Time: 00:01:12

Health: -2/42      AC:  1    Str: 16    XL:     4   Next: 89%
Magic:  6/6        EV: 13    Int: 13    God:
Gold:   40         SH:  0    Dex: 13    Spells: 3/3 levels left

rFire    . . .     SeeInvis .   a - +0 short sword
rCold    . . .     Gourm    .   (no shield)
rNeg     . . .     Faith    .   (helmet restricted)
rPois    .         Spirit   .   m - amulet of rage
rElec    .         Reflect  .   l - ring of stealth
rCorr    .         Harm     .   (no ring)
MR       .....                  (no ring)
Stlth    ..........             (no ring)
Regen    0.2/turn               (no ring)
MPRegen  0.1/turn               (no ring)
                                (no ring)
                                (no ring)

@: berserking, very quick
A: almost no armour, stealthy swim, amphibious, 8 rings, constrict 8, camouflage
1, gelatinous body 1
a: Evoke Berserk Rage


You were on level 4 of the Dungeon.
You were near starving.

You visited 1 branch of the dungeon, and saw 4 of its levels.

You collected 40 gold pieces.

Inventory:

Hand Weapons
 a - a +0 short sword (weapon)
Jewellery
 l - a ring of stealth (left tentacle)
 m - an amulet of rage (around mantle)
Wands
 b - a wand of flame (11/48)
 c - a wand of enslavement (9/24)
 d - a wand of random effects (14/48)
Scrolls
 i - 2 scrolls of identify {unknown}
 j - a scroll of enchant armour {unknown}
Potions
 e - a potion of curing {unknown}
 g - 2 potions of haste {unknown}
 h - a potion of ambrosia {unknown}
Comestibles
 f - a bread ration
 k - a royal jelly


   Skills:
 - Level 1.0 Fighting
 - Level 1.0 Short Blades
 - Level 2.0 Dodging
 + Level 6.5 Stealth
 - Level 3.2 Evocations


You had 3 spell levels left.
You didn't know any spells.

Dungeon Overview and Level Annotations

Branches:
Dungeon (4/15)
 Temple: D:4-7

Altars:

Annotations:
D:4 Sigmund


Innate Abilities, Weirdness & Mutations

You cannot wear most types of armour.
You are very stealthy in the water. (Stealth+)
You are amphibious.
You can wear up to eight rings at the same time.
You can use your tentacles to constrict eight enemies at once.
Your skin changes colour to match your surroundings (Stealth+).
Your rubbery body absorbs attacks. (AC +1, EV +1)


Message History

* * * LOW HITPOINT WARNING * * *
Found a knobbly runed staff.
Sigmund misses you.
Okay, then.
You fail to use your ability.
Sigmund hits you with a vampiric scythe.
* * * LOW HITPOINT WARNING * * *
You fail to use your ability.
A red film seems to cover your vision as you go berserk!
You feel yourself moving faster!
You feel mighty!
You are near starving!
Sigmund barely misses you.
You closely miss Sigmund. Your grab misses Sigmund. You squeeze Sigmund!
Sigmund is moderately wounded.
You puncture Sigmund! You grab Sigmund.
Sigmund is severely wounded.
You constrict Sigmund.
Sigmund points at you and mumbles some strange words.
The puff of flame hits you!
You die...

##########....
........|.... ............
............ .............
... ........... ......#
###'###@......... ......#
#....##@......... ......#
#....##.......... ......#
#....##.......... ......#
#....##..........
......####....##..........
...................†......
#............###..........
#.#.####..##.##.......+###
..#.# #..##.##.......+


You could see Sigmund.

Vanquished Creatures
  A bullfrog skeleton (D:4)
  An iguana (D:4)
  A worker ant (D:4)
  A leopard gecko (D:3)
  A bat (D:3)
  A giant cockroach (D:4)
  A hobgoblin (D:2)
  4 jackals (D:1)
  A quokka (D:4)
  2 frilled lizards (D:4)
  3 rats
17 creatures vanquished.

Vanquished Creatures (collateral kills)
  An orc priest (D:4)
  An orc wizard (D:4)
  An orc (D:4)
3 creatures vanquished.

Vanquished Creatures (others)
  An orc priest (D:4)
1 creature vanquished.

Grand Total: 21 creatures vanquished

Notes
Turn   | Place    | Note
-------+----------+-------------------------------------------
     0 | D:1      | M4edhros the Octopode Artificer began the quest for the Orb.
     0 | D:1      | Reached XP level 1. HP: 13/13 MP: 3/3
   268 | D:1      | Reached skill level 2 in Stealth
   275 | D:1      | Reached XP level 2. HP: 2/18 MP: 4/4
   535 | D:2      | Reached skill level 3 in Stealth
   799 | D:4      | Reached skill level 4 in Stealth
   799 | D:4      | Reached XP level 3. HP: 16/23 MP: 5/5
  1021 | D:4      | Reached skill level 5 in Stealth
  1031 | D:4      | Reached XP level 4. HP: 7/28 MP: 6/6
  1093 | D:4      | Reached skill level 6 in Stealth
  1335 | D:4      | Noticed Sigmund
  1349 | D:4      | Killed from afar by Sigmund

Vault maps used:
D:1:      dpeg_arrival_prison, minmay_rat_gold_closets
D:2:      nicolae_overflow_crystal_walls, serial_forest,
          infiniplex_forest_straight_2, infiniplex_forest_clump_large,
          infiniplex_forest_diagonal, infiniplex_forest_end_2,
          infiniplex_forest_straight_1, infiniplex_forest_clump_diagonal,
          infiniplex_forest_clump_small, infiniplex_forest_lined_3_way,
          first_bread, moated_statue, minmay_misc_feat_tiny, uniq_jessica,
          uniq_crazy_yiuf_cottage
D:3:      st_stairs_13
D:4:      uniq_sigmund

Skill      XL: |  1  2  3  4 |
---------------+-------------+-----
Stealth        | 2 4 5 6 |  6.5
Fighting       | |  1.0
Short Blades   | |  1.0
Dodging        | |  2.0
Evocations     | |  3.2

Action                   |  1- 3 |  4- 6 || total
-------------------------+-------+-------++-------
Melee: Short sword       |    26 |     9 ||    35
       Constrict         |     7 |     3 ||    10
       Tentacles         |     3 |     2 ||     5
 Abil: Evoke Berserk Rag |       |     1 ||     1
Evoke: Wand              |     8 |     3 ||    11
 Stab: Sleeping          |     5 |       ||     5
Armor: Skin              |     1 |       ||     1
Dodge: Dodged            |    13 |     6 ||    19
